 Dungeon Crawl Stone Soup version 0.25-a0-589-g1e14c549ee (webtiles) character file.

Game seed: 12371618530166470862, levelgen mode: deterministic

74 Borov the Covered (level 4, -8/29 HPs)
             Began as a Gargoyle Fighter on Mar 13, 2020.
             Was an Initiate of Elyvilon.
             Killed from afar by Ijyb (14 damage)
             ... with a bolt of acid
             ... on level 3 of the Dungeon.
             The game lasted 00:32:09 (2487 turns).

Borov the Covered (Gargoyle Fighter)                Turns: 2487, Time: 00:32:09

Health: -8/29      AC:  7    Str: 21    XL:     4   Next: 30%
Magic:  4/4        EV:  7    Int:  8    God:    Elyvilon [......]
Gold:   83         SH:  9    Dex:  9    Spells: 3/3 levels left

rFire    . . .     SeeInvis .   q - +0 long sword
rCold    . . .     Gourm    .   c - +0 kite shield
rNeg     + . .     Faith    .   b - +0 scale mail
rPois    ∞         Spirit   .   u - +0 helmet
rElec    +         Reflect  .   (no cloak)
rCorr    .         Harm     .   (no gloves)
MR       .....                  (no boots)
Stlth    ..........             (no amulet)
HPRegen  0.09/turn              (no ring)
MPRegen  0.09/turn              (no ring)

@: corroded
A: negative energy resistance 1, electricity resistance, unbreathing,
petrification resistance, rot immunity, AC +3
a: Renounce Religion


You were on level 3 of the Dungeon.
You worshipped Elyvilon.
Elyvilon was noncommittal.
You were not hungry.

You visited 1 branch of the dungeon, and saw 3 of its levels.

You collected 83 gold pieces.

Inventory:

Hand Weapons
 a - a +0 rapier
 j - a cursed +0 spear
 q - a +0 long sword (weapon)
 t - a +2 whip of venom
Missiles
 e - 73 arrows
 h - 123 stones (quivered)
Armour
 b - a +0 scale mail (worn)
 c - a +0 kite shield (worn)
 g - a +0 scale mail
 k - a +1 helmet
 m - a +0 robe
 o - a +0 ring mail
 p - a +0 ring mail
 u - a +0 helmet (worn)
Scrolls
 i - a scroll of enchant weapon
 n - a scroll of teleportation
 s - 2 scrolls of amnesia
Potions
 d - a potion of might
 l - a potion of curing
 r - a potion of flight {unknown}
Comestibles
 f - 5 rations


   Skills:
 + Level 3.7 Fighting
 + Level 2.5 Short Blades
 + Level 4.0 Armour
 + Level 0.2 Dodging
 + Level 0.1 Stealth
 + Level 3.9 Shields


You had 3 spell levels left.
You didn't know any spells.
Your spell library was empty.

Dungeon Overview and Level Annotations

Branches:
Dungeon (3/15)

Altars:
Elyvilon
Gozag

Annotations:
D:3 Ijyb


Innate Abilities, Weirdness & Mutations

You are resistant to torment.
Your stone body is resilient. (AC +3)
You are immune to poison.
You resist negative energy. (rN+)
You are resistant to electric shocks. (rElec)
You can survive without breathing.
You are immune to petrification.
You are immune to rotting.


Message History

Ijyb is lightly wounded.
Ijyb barely misses you.
You riposte.
You barely miss Ijyb.
Ijyb is lightly wounded.
You block Ijyb's attack.
You barely miss Ijyb.
Ijyb is lightly wounded.
You block Ijyb's attack.
You hit Ijyb.
Ijyb is moderately wounded.
Ijyb hits you but does no damage. You block Ijyb's attack.
You hit Ijyb.
Ijyb is heavily wounded.
Ijyb hits you.
* * * LOW HITPOINT WARNING * * *
You hit Ijyb.
Ijyb is severely wounded.
You block Ijyb's attack.
Ijyb zaps a wand.
The bolt of acid misses you.
Ijyb zaps a wand.
The bolt of acid hits you!
You die...

#......#.# ....
... #.######.#
... .. #<# #.# ..
'# ### #.#
.#'###### # #.#
#####K....... #.#
#.g.S........
#######'#####
#.###........
#...........# #.#
#........
#........##.# #@#
#........
#........##.# #.#
#........
#........##.###.#
#........
#........##.....#
#########
#...)....########
#........#
##########


You could see Ijyb.

Vanquished Creatures
  2 adders
  4 worms (D:2)
  A leopard gecko (D:2)
  6 bats
  2 giant cockroaches (D:1)
  6 goblins
  6 hobgoblins
  3 jackals (D:3)
  2 frilled lizards (D:2)
  4 kobolds
  7 rats
43 creatures vanquished.

Notes
Turn   | Place    | Note
-------+----------+-------------------------------------------
     0 | D:1      | Borov the Gargoyle Fighter began the quest for the Orb.
     0 | D:1      | Reached XP level 1. HP: 14/14 MP: 1/1
   128 | D:1      | Reached XP level 2. HP: 19/19 MP: 2/2
  1109 | D:2      | Reached XP level 3. HP: 15/23 MP: 3/3
  1407 | D:2      | Found an opulent altar of Gozag.
  2042 | D:2      | Reached XP level 4. HP: 26/29 MP: 4/4
  2127 | D:2      | Found a white marble altar of Elyvilon.
  2143 | D:2      | Became a worshipper of Elyvilon the Healer
  2220 | D:3      | Reached skill level 4 in Armour
  2468 | D:3      | Noticed Ijyb
  2487 | D:3      | Killed from afar by Ijyb

Levels and vault maps discovered:
D:1:      ebering_hopf_link, layout_basic
D:2:      layout_loops_ring, nicolae_overflow_crystal_walls,
          overflow_temple_1_default, st_stairs_9
D:3:      layout_basic, chequers_ecumenical_altar_simple_redux,
          nemelex_dance_club_becter, uniq_ijyb

Skill      XL: |  1  2  3  4 |
---------------+-------------+-----
Short Blades   | 2 |  2.5
Armour         | 4 |  4.0
Fighting       | |  3.7
Dodging        | |  0.2
Stealth        | |  0.1
Shields        | |  3.9

Action                   |  1- 3 |  4- 6 || total
-------------------------+-------+-------++-------
Melee: Rapier            |   105 |       ||   105
       Long sword        |     5 |    47 ||    52
  Use: Scroll            |     5 |       ||     5
       Potion            |     1 |       ||     1
  Eat: Chunk             |     3 |       ||     3
       Ration            |     1 |       ||     1
Armor: Scale mail        |    66 |    45 ||   111
Dodge: Dodged            |    31 |    25 ||    56
Block: Kite shield       |    67 |    39 ||   106
       Rpst.: Long sword |     1 |     6 ||     7

Table legend:
 A = Non-vault XP
 B = Vault XP
 C = Vault XP percentage of total XP
 D = Non-vault monster count
 E = Vault monster count
 F = Vault count percentage of total count
                 A         B        C        D         E       F
            +---------+---------+-------+---------+---------+-------
      Total |     104 |       3 |   2.8 |      40 |       3 |   7.0
            +---------+---------+-------+---------+---------+-------
        D:1 |      24 |       0 |   0.0 |      14 |       0 |   0.0
        D:2 |      55 |       3 |   5.2 |      18 |       3 |  14.3
        D:3 |      25 |       0 |   0.0 |       8 |       0 |   0.0
            +---------+---------+-------+---------+---------+-------
